 Dungeon Crawl Stone Soup version 0.31-a0-210-gccc998df9b (webtiles) character file.

Game seed: 9351143184964841374

52 qw the Shooter (level 3, -1/29 HPs)
             Began as a Minotaur Hexslinger on June 29, 2023.
             Slain by a worm (4 damage)
             ... on level 3 of the Dungeon.
             The game lasted 00:00:25 (1544 turns).

qw the Shooter (Minotaur Hexslinger)                Turns: 1544, Time: 00:00:26

Health: -1/29      AC:  5    Str: 12    XL:     3   Next: 60%
Magic:  3/3        EV: 11    Int: 10    God:
Gold:   123        SH:  0    Dex: 14    Spells: 3/4 levels left

rFire   . . .        Y - +1 sling
rCold   . . .        (no shield)
rNeg    . . .        f - +0 ring mail
rPois   .            (helmet restricted)
rElec   .            (no cloak)
rCorr   .            (no gloves)
SInv    .            (no boots)
Will    .....        (no amulet) Stlth
                     (no ring)
HPRegen 0.24/turn    (no ring)
MPRegen 0.08/turn

%: no passive effects
@: confused
A: horns 2, retaliatory headbutt
a: no special abilities


You were on level 3 of the Dungeon.
You visited 1 branch of the dungeon, and saw 3 of its levels.

You collected 123 gold pieces.


Innate Abilities, Weirdness & Mutations

You have a pair of horns on your head.
You reflexively headbutt those who attack you in melee.


   Skills:
 - Level 2.0 Fighting
 - Level 4.0 Ranged Weapons
 + Level 0.7 Armour
 - Level 2.1 Dodging
 - Level 1.0 Spellcasting
 - Level 2.0 Hexes


You had 3 spell levels left.
You knew the following spells:

 Your Spells              Type           Power      Damage    Failure   Level
a - Slow                  Hex            16%        N/A       34%         1

Your spell library contained the following spells:

 Spells                   Type           Power      Damage    Failure   Level
 Inner Flame              Hex/Fire       2%         N/A       83%         3
 Portal Projectile        Hex/Tloc       4%         N/A       83%         3
 Cause Fear               Hex            2%         N/A       98%         4

Inventory:

Hand Weapons
 Y - a +1 sling (weapon)
Armour
 f - a +0 ring mail (worn)
Potions
 b - a potion of mutation {unknown}
 d - a potion of resistance {unknown}
 e - 2 potions of heal wounds
 g - a potion of curing

Dungeon Overview and Level Annotations

Branches:
Dungeon (3/15)

Altars:


Message History

1536 ||| STAIRDANCE You feel sick.
The adder bites you. The kobold closely misses you.
The orc wizard gestures at you while chanting.
You are confused.
In your confused state, you trip and fall back down the stairs.
You feel sick. The adder bites you but does no damage.
The orc wizard mumbles some strange words.
The orc wizard flickers and vanishes!
Deactivating autopickup; reactivate with Ctrl-A.
The kobold hits you but does no damage. The adder bites you but does no damage.
1538 ||| STAIRDANCE You feel sick.
The kobold hits you with a +0 dagger. The adder closely misses you.
In your confused state, you trip and fall back down the stairs.
You feel sick. The kobold hits you but does no damage.
The adder bites you but does no damage.
1540 ||| STAIRDANCE You feel sick.
The adder misses you. The kobold hits you but does no damage.
The orc wizard casts a spell at you.
You are more confused.
In your confused state, you trip and fall back down the stairs.
You feel sick. The adder bites you. The kobold barely misses you.
Something hits you but does no damage. The orc misses you. The adder bites you.
1542 ||| DRINKING 2 potions of curing.
You feel better.
1542 ||| (to cure confusion)
The orc barely misses you. The kobold completely misses you.
You furiously retaliate!
You headbutt the kobold!
You kill the kobold!
You hear some strange, mumbled words.
You are confused.
The adder bites you but does no damage.
1543 ||| STAIRDANCE The adder closely misses you.
The orc hits you with a +0 club. Something hits you but does no damage.
The orc hits you but does no damage. The worm closely misses you.
In your confused state, you trip and fall back down the stairs.
The adder closely misses you. The rat misses you.
Something completely misses you. The orc hits you with a +0 club.
The orc closely misses you. The adder misses you. The worm bites you.
You die...

#............
##............
+.....!.......
#............
#....$.......
#............
.##....or......
......w@S......
##....o.o......
#.............
$.#............
.#.............
#.############
... .#


You could see a worm, an orc wizard, an adder, 2 orcs and a rat.

Vanquished Creatures
  2 adders (D:2)
  2 dart slugs (D:2)
  4 ball pythons
  3 endoplasms
  A giant cockroach (D:2)
  4 goblins
  4 hobgoblins
  A quokka (D:1)
  A frilled lizard (D:2)
  4 kobolds
  4 rats
30 creatures vanquished.

Notes
Turn   | Place    | Note
-------+----------+-------------------------------------------
     0 | D:1      | qw the Minotaur Hexslinger began the quest for the Orb.
     0 | D:1      | Reached XP level 1. HP: 16/16 MP: 1/1
     0 | D:1      | 0 ||| qw: Version: 0.3-a-24-ga2abf7b
     0 | D:1      | 0 ||| qw: Game counter: 6764
     0 | D:1      | 0 ||| qw: Melee chars always use a shield: true
     0 | D:1      | 0 ||| qw: God list: Okawaru
     0 | D:1      | 0 ||| qw: Allow faded altars: false
     0 | D:1      | 0 ||| qw: Do Orc after clearing Dungeon:15 true
     0 | D:1      | 0 ||| qw: Do second Lair branch before Depths: true
     0 | D:1      | 0 ||| qw: Lair rune preference: random
     0 | D:1      | 0 ||| qw: Goals: Normal
     0 | D:1      | 0 ||| PLANNING D:1-11
   352 | D:1      | Reached skill level 3 in Ranged Weapons
   399 | D:1      | Reached XP level 2. HP: 23/23 MP: 2/2
   801 | D:1      | 801 ||| UPGRADING to +0 ring mail.
   811 | D:1      | 811 ||| DROPPING +0 robe.
   812 | D:1      | 812 ||| READING scroll labelled MYAWIC DAWK.
   813 | D:1      | 813 ||| DROPPING scroll of poison.
  1000 | D:2      | Reached XP level 3. HP: 26/29 MP: 3/3
  1111 | D:2      | Reached skill level 4 in Ranged Weapons
  1233 | D:2      | Found a faded altar of an unknown god.
  1458 | D:2      | 1458 ||| DROPPING ring of flight.
  1459 | D:2      | 1459 ||| DRINKING 2 fuming emerald potions.
  1495 | D:2      | 1495 ||| DRINKING 3 sapphire potions.
  1496 | D:2      | 1496 ||| DRINKING 3 smoky orange potions.
  1497 | D:2      | 1497 ||| DROPPING potion of lignification.
  1536 | D:3      | 1536 ||| STAIRDANCE
  1538 | D:3      | 1538 ||| STAIRDANCE
  1540 | D:3      | 1540 ||| STAIRDANCE
  1541 | D:3      | HP: 7/29 [adder (2)]
  1542 | D:3      | 1542 ||| DRINKING 2 potions of curing.
  1542 | D:3      | 1542 ||| (to cure confusion)
  1543 | D:3      | 1543 ||| STAIRDANCE
  1544 | D:3      | HP: 3/29 [orc/+0 club (3)]
  1544 | D:3      | Slain by a worm

Levels and vault maps discovered:
D:1:      eino_arrival_cavern_e, layout_basic
D:2:      layout_loops_ring, shapermc_ecumenical_altar_mp_vishouse
D:3:      layout_basic, chequers_temple_overflow_statue_of_worship,
          serial_shops, shop, nicolae_diamond_shop, hangedman_decor_points,
          minmay_distorted

Skill      XL: |  1  2  3 |
---------------+----------+-----
Ranged Weapons | 3 4 |  4.0
Fighting       | 2 |  2.0
Armour         | |  0.7
Dodging        | |  2.1
Spellcasting   | |  1.0
Hexes          | |  2.0

Action                     || total
---------------------------++-------
   Fire: Sling             ||    80
    Use: Scroll            ||     1
         Potion            ||     4
 Armour: Ring mail         ||    17
  Dodge: Dodged            ||    31

Table legend:
 A = Non-vault XP
 B = Vault XP
 C = Vault XP percentage of total XP
 D = Non-vault monster count
 E = Vault monster count
 F = Vault count percentage of total count
                 A         B        C        D         E       F
            +---------+---------+-------+---------+---------+-------
      Total |      75 |       0 |   0.0 |      30 |       0 |   0.0
            +---------+---------+-------+---------+---------+-------
        D:1 |      18 |       0 |   0.0 |      11 |       0 |   0.0
        D:2 |      56 |       0 |   0.0 |      18 |       0 |   0.0
        D:3 |       1 |       0 |   0.0 |       1 |       0 |   0.0
            +---------+---------+-------+---------+---------+-------
